MLB
SAN FRANCISCO GIANTS @ SAN DIEGO PADRES
04/14/2018
 
TOP OF THE 1ST
San Francisco Giants batting - Pitching for San Diego Padres : RHP Justin Verlander
Pitching: RHP Justin Verlander
Batting: RHB Dustin Pedroia 0-0: Foul Ball, location: 2F
0-1: Ground out 5-3 (Groundball, 5)
Batting: LHB Anthony Rizzo 0-0: Ball
1-0: Ball
2-0: Ball
3-0: Base on Balls
Batting: LHB Kyle Seager 0-0: Swinging Strike
0-1: Ball
1-1: Ball
2-1: Called Strike
2-2: Strikes out swinging
Batting: RHB Nelson Cruz 0-0: Ball
1-0: Ball
2-0: Ball
3-0: Base on Balls
Anthony Rizzo to second
Batting: LHB Kyle Schwarber 0-0: Called Strike
0-1: Ball
1-1: Foul Ball, location: 2F
1-2: Ball
2-2: Ground out 6-3 (Groundball, 4MS)
Top of the 1st over - 0 runs, 0 hits, 0 errors, 2 left on base; San Francisco 0 - San Diego 0
BOTTOM OF THE 1ST
San Diego Padres batting - Pitching for San Francisco Giants : RHP Max Scherzer
Pitching: RHP Max Scherzer
Batting: RHB Jose Altuve 0-0: Foul Ball, location: 2F
0-1: Ball
1-1: SINGLE (Line Drive, 4MD)
Batting: RHB Mitch Haniger 0-0: Called Strike
0-1: Ball
1-1: Ball
2-1: Foul Ball, location: 2F
2-2: Strikes out looking
Batting: SHB Carlos Santana 0-0: Swinging Strike
0-1: Ball
1-1: Foul Ball, location: 2F
1-2: Grounds into double play, 4-5-3 (Groundball, 4)
Bottom of the 1st over - 0 runs, 1 hit, 0 errors, 0 left on base; San Francisco 0 - San Diego 0
TOP OF THE 2ND
San Francisco Giants batting - Pitching for San Diego Padres : RHP Justin Verlander
Batting: LHB Corey Dickerson 0-0: Called Strike
0-1: Called Strike
0-2: Strikes out swinging
Batting: RHB Tim Anderson 0-0: Ground out 5-3 (Groundball, 56)
Batting: LHB Tyler Naquin 0-0: Ball
1-0: Ball
2-0: Called Strike
2-1: Foul Ball, location: 2F
2-2: Strikes out swinging
Top of the 2nd over - 0 runs, 0 hits, 0 errors, 0 left on base; San Francisco 0 - San Diego 0
BOTTOM OF THE 2ND
San Diego Padres batting - Pitching for San Francisco Giants : RHP Max Scherzer
Batting: LHB Mike Moustakas 0-0: Swinging Strike
0-1: Ball
1-1: SOLO HOME RUN (Flyball, 9LD), Distance : 350 ft
Batting: RHB Russell Martin 0-0: Called Strike
0-1: Ball
1-1: Ball
2-1: Ball
3-1: Fly out, F8 (Flyball, 89D)
Batting: RHB Jose Pirela 0-0: Ball
1-0: Swinging Strike
1-1: Foul Ball, location: 2F
1-2: SINGLE (Line Drive, 3D)
Batting: SHB Freddy Galvis 0-0: Swinging Strike
Jose Pirela is caught stealing 2nd base
0-1: Ball
1-1: Ball
2-1: Ball
3-1: Base on Balls
Batting: RHB Byron Buxton 0-0: Swinging Strike
0-1: Called Strike
0-2: Strikes out swinging, 2-3 out at first.
Bottom of the 2nd over - 1 run, 2 hits, 0 errors, 1 left on base; San Francisco 0 - San Diego 1
TOP OF THE 3RD
San Francisco Giants batting - Pitching for San Diego Padres : RHP Justin Verlander
Batting: RHB Max Scherzer 0-0: Called Strike
0-1: Swinging Strike
0-2: Strikes out swinging
Batting: RHB Dustin Pedroia 0-0: Ball
1-0: Ball
2-0: Foul Ball, location: 2F
2-1: Ball
3-1: Ball
Batting: LHB Anthony Rizzo 0-0: Called Strike
0-1: Swinging Strike
0-2: Ball
1-2: Fly out, F7 (Flyball, 7)
Batting: LHB Kyle Seager 0-0: Ball
1-0: Called Strike
1-1: Foul Ball, location: 2F
1-2: Strikes out looking
Top of the 3rd over - 0 runs, 0 hits, 0 errors, 1 left on base; San Francisco 0 - San Diego 1
BOTTOM OF THE 3RD
San Diego Padres batting - Pitching for San Francisco Giants : RHP Max Scherzer
Batting: RHB Justin Verlander 0-0: Ball
1-0: Ground out 4-3 (Groundball, 4)
Batting: RHB Jose Altuve 0-0: Ball
1-0: Fly out, F3 (Popup, 3F)
Batting: RHB Mitch Haniger 0-0: Ball
1-0: Called Strike
1-1: Ball
2-1: Ball
3-1: Called Strike
3-2: Fly out, F9 (Flyball, 9LS)
Bottom of the 3rd over - 0 runs, 0 hits, 0 errors, 0 left on base; San Francisco 0 - San Diego 1
TOP OF THE 4TH
San Francisco Giants batting - Pitching for San Diego Padres : RHP Justin Verlander
Batting: RHB Nelson Cruz 0-0: Called Strike
0-1: Swinging Strike
0-2: Strikes out swinging
Batting: LHB Kyle Schwarber 0-0: Ball
1-0: Fly out, F9 (Flyball, 9D)
Batting: LHB Corey Dickerson 0-0: Fly out, F7 (Flyball, 7LS)
Top of the 4th over - 0 runs, 0 hits, 0 errors, 0 left on base; San Francisco 0 - San Diego 1
BOTTOM OF THE 4TH
San Diego Padres batting - Pitching for San Francisco Giants : RHP Max Scherzer
Batting: SHB Carlos Santana 0-0: Called Strike
0-1: Ball
1-1: Ball
2-1: Fly out, F9 (Flyball, 9D)
Batting: LHB Mike Moustakas 0-0: Fly out, F7 (Flyball, 7)
Batting: RHB Russell Martin 0-0: Ball
1-0: Ball
2-0: Foul Ball, location: 2F
2-1: Ball
3-1: Swinging Strike
3-2: Fly out, F6 (Popup, 6)
Bottom of the 4th over - 0 runs, 0 hits, 0 errors, 0 left on base; San Francisco 0 - San Diego 1
TOP OF THE 5TH
San Francisco Giants batting - Pitching for San Diego Padres : RHP Justin Verlander
Batting: RHB Tim Anderson 0-0: Foul Ball, location: 2F
0-1: SINGLE (Line Drive, 9S)
Batting: LHB Tyler Naquin 0-0: Fly out, F4 (Line Drive, 34)
Batting: RHB Max Scherzer 0-0: Sac Bunt - play at first, batter OUT! 5-4
Tim Anderson to second
Batting: RHB Dustin Pedroia 0-0: Swinging Strike
0-1: Ball
1-1: SINGLE (Groundball, 34D)
Tim Anderson to third
Runner from 3rd tries for Home, SAFE, no throw
Batting: LHB Anthony Rizzo 0-0: Ball
1-0: Fly out, F7 (Flyball, 7LDF)
Top of the 5th over - 1 run, 2 hits, 0 errors, 1 left on base; San Francisco 1 - San Diego 1
BOTTOM OF THE 5TH
San Diego Padres batting - Pitching for San Francisco Giants : RHP Max Scherzer
Batting: RHB Jose Pirela 0-0: Ball
1-0: Foul Ball, location: 2F
1-1: Ball
2-1: Ball
3-1: Foul Ball, location: 2F
3-2: Strikes out swinging
Batting: SHB Freddy Galvis 0-0: Called Strike
0-1: Foul Ball, location: 2F
0-2: SOLO HOME RUN (Line Drive, 9LD), Distance : 357 ft
Batting: RHB Byron Buxton 0-0: Foul Ball, location: 2F
0-1: Fly out, F9 (Flyball, 9S)
Batting: RHB Justin Verlander 0-0: Ball
1-0: Called Strike
1-1: Ball
2-1: Ball
3-1: Foul Ball, location: 2F
3-2: Strikes out swinging
Bottom of the 5th over - 1 run, 1 hit, 0 errors, 0 left on base; San Francisco 1 - San Diego 2
TOP OF THE 6TH
San Francisco Giants batting - Pitching for San Diego Padres : RHP Justin Verlander
Batting: LHB Kyle Seager 0-0: Ball
1-0: Ball
2-0: Called Strike
2-1: Ball
3-1: Foul Ball, location: 2F
3-2: Foul Ball, location: 2F
3-2: Base on Balls
Batting: RHB Nelson Cruz 0-0: Foul Ball, location: 2F
0-1: Ball
1-1: Ball
2-1: Grounds into double play, 5-4-3 (Groundball, 56)
Batting: LHB Kyle Schwarber 0-0: Called Strike
0-1: Called Strike
0-2: Ball
1-2: Foul Ball, location: 2F
1-2: Foul Ball, location: 2F
1-2: Strikes out swinging
Top of the 6th over - 0 runs, 0 hits, 0 errors, 0 left on base; San Francisco 1 - San Diego 2
BOTTOM OF THE 6TH
San Diego Padres batting - Pitching for San Francisco Giants : RHP Max Scherzer
Batting: RHB Jose Altuve 0-0: Ball
1-0: Foul Ball, location: 2F
1-1: Fly out, F7 (Flyball, 7S)
Batting: RHB Mitch Haniger 0-0: Foul Ball, location: 2F
0-1: SOLO HOME RUN (Flyball, 8LXD), Distance : 401 ft
Pitching: RHP Brad Boxberger
Batting: SHB Carlos Santana 0-0: Called Strike
0-1: Foul Ball, location: 2F
0-2: Ball
1-2: Strikes out swinging
Batting: LHB Mike Moustakas 0-0: Swinging Strike
0-1: Ball
1-1: Foul Ball, location: 2F
1-2: Ball
2-2: Foul Ball, location: 2F
2-2: Strikes out swinging
Bottom of the 6th over - 1 run, 1 hit, 0 errors, 0 left on base; San Francisco 1 - San Diego 3
TOP OF THE 7TH
San Francisco Giants batting - Pitching for San Diego Padres : RHP Justin Verlander
Batting: LHB Corey Dickerson 0-0: Ball
1-0: Foul Ball, location: 2F
1-1: Swinging Strike
1-2: Ball
2-2: Ball
3-2: Strikes out looking
Batting: RHB Tim Anderson 0-0: Called Strike
0-1: Ball
1-1: Swinging Strike
1-2: Foul Ball, location: 2F
1-2: Strikes out swinging
Batting: LHB Tyler Naquin 0-0: Called Strike
0-1: Swinging Strike
0-2: Foul Ball, location: 2F
0-2: Strikes out swinging
Top of the 7th over - 0 runs, 0 hits, 0 errors, 0 left on base; San Francisco 1 - San Diego 3
BOTTOM OF THE 7TH
San Diego Padres batting - Pitching for San Francisco Giants : RHP Brad Boxberger
Pitching: RHP Chris Hatcher
Batting: RHB Russell Martin 0-0: Ball
1-0: Ball
2-0: Swinging Strike
2-1: Swinging Strike
2-2: Ground out 4-3 (Groundball, 34)
Batting: RHB Jose Pirela 0-0: Ball
1-0: Called Strike
1-1: Ball
2-1: Ball
3-1: Base on Balls
Batting: SHB Freddy Galvis 0-0: Called Strike
0-1: Ball
1-1: Foul Ball, location: 2F
1-2: Ball
2-2: Strikes out looking
Batting: RHB Byron Buxton 0-0: Called Strike
0-1: Swinging Strike
0-2: Strikes out swinging
Bottom of the 7th over - 0 runs, 0 hits, 0 errors, 1 left on base; San Francisco 1 - San Diego 3
TOP OF THE 8TH
San Francisco Giants batting - Pitching for San Diego Padres : RHP Justin Verlander
Pinch Hitting: LHB Jon Jay 0-0: Ball
1-0: Called Strike
1-1: Called Strike
1-2: Foul Ball, location: 2F
1-2: Strikes out looking
Batting: RHB Dustin Pedroia 0-0: Called Strike
0-1: Fly out, F7 (Line Drive, 78M)
Batting: LHB Anthony Rizzo 0-0: Called Strike
0-1: Called Strike
0-2: Foul Ball, location: 2F
0-2: Foul Ball, location: 2F
0-2: Foul Ball, location: 2F
0-2: Ball
1-2: Foul Ball, location: 2F
1-2: Fly out, F9 (Flyball, 9LD)
Top of the 8th over - 0 runs, 0 hits, 0 errors, 0 left on base; San Francisco 1 - San Diego 3
BOTTOM OF THE 8TH
San Diego Padres batting - Pitching for San Francisco Giants : RHP Chris Hatcher
Pitching: RHP Chris Devenski
Pinch Hitting: RHB Chris Carter 0-0: Ball
1-0: Ball
2-0: Foul Ball, location: 2F
2-1: Ball
3-1: Foul Ball, location: 2F
3-2: Strikes out swinging
Batting: RHB Jose Altuve 0-0: Ball
1-0: Ball
2-0: Ground out 6-3 (Groundball, 6)
Batting: RHB Mitch Haniger 0-0: Called Strike
0-1: Ball
1-1: Called Strike
1-2: Strikes out swinging
Bottom of the 8th over - 0 runs, 0 hits, 0 errors, 0 left on base; San Francisco 1 - San Diego 3
TOP OF THE 9TH
San Francisco Giants batting - Pitching for San Diego Padres : RHP Justin Verlander
Pitching: RHP Archie Bradley
Batting: LHB Kyle Seager 0-0: Ball
1-0: Fly out, F9 (Flyball, 9S)
Batting: RHB Nelson Cruz 0-0: Fly out, F9 (Flyball, 89S)
Batting: LHB Kyle Schwarber 0-0: Ball
1-0: Ball
2-0: SINGLE (Groundball, 3D)
Batting: LHB Corey Dickerson 0-0: Ball
1-0: Fly out, F8 (Line Drive, 8RM)
Top of the 9th over - 0 runs, 1 hit, 0 errors, 1 left on base; San Francisco 1 - San Diego 3
Tuesday, June 5th, 2018 - OOTP Baseball 19.6 Build 53